 Dungeon Crawl Stone Soup version 0.26-a0-412-ga3d1f51b80 (webtiles) character file.

Game seed: 9817186935394728848

337 MrRokkomies the Chiller (level 6, -1/51 HPs)
             Began as a Demigod Ice Elementalist on July 24, 2020.
             Killed from afar by an orc wizard (9 damage)
             ... with a magic dart
             ... on level 5 of the Dungeon.
             The game lasted 00:09:11 (4423 turns).

MrRokkomies the Chiller (Demigod Ice Elementalist)  Turns: 4423, Time: 00:09:12

Health: -1/51      AC:  3    Str: 11    XL:     6   Next: 7%
Magic:  4/11       EV: 13    Int: 23    God:
Gold:   202        SH:  0    Dex: 16    Spells: 4/8 levels left

rFire    . . .     SeeInvis .   e - +2 quarterstaff (chaos)
rCold    + . .     Faith    +   (shield currently unavailable)
rNeg     . . .     Spirit   .   d - -2 robe (curse)
rPois    .         Reflect  .   (no helmet)
rElec    .         Harm     .   l - +1 cloak
rCorr    .                      i - +0 pair of gloves
MR       .....                  (no boots)
Stlth    ++........             h - amulet of faith
HPRegen  0.17/turn              f - ring of protection from fire
MPRegen  0.12/turn              b - ring of ice

@: frozen ramparts
A: high mp 1
a: no special abilities


You were on level 5 of the Dungeon.
You visited 1 branch of the dungeon, and saw 5 of its levels.

You collected 202 gold pieces.

Inventory:

Hand Weapons
 a - a +0 dagger of venom
 e - a +2 quarterstaff of chaos (weapon)
Armour
 d - a cursed -2 robe (worn)
 i - a +0 pair of gloves (worn)
 l - a +1 cloak (worn)
Jewellery
 b - a ring of ice (right hand)
 f - a ring of protection from fire (left hand)
 h - an amulet of faith (around neck)
Wands
 c - a wand of flame (24)
Scrolls
 g - 3 scrolls of identify
 j - a scroll of enchant weapon


   Skills:
 * Level 3.5 Fighting
 + Level 3.0 Dodging
 - Level 1.7 Stealth
 - Level 1.7 Spellcasting
 * Level 5.1 Ice Magic


You had 4 spell levels left.
You knew the following spells:

 Your Spells              Type           Power        Failure   Level
a - Freeze                Ice            ####         1%          1
b - Frozen Ramparts       Ice            #####.       4%          3

Your spell library contained the following spells:

 Spells                   Type           Power        Failure   Level
 Ozocubu's Armour         Ice            #####...     4%          3
 Hailstorm                Conj/Ice       ###.....     41%         4
 Summon Ice Beast         Ice/Summ       ###.....     41%         4


Dungeon Overview and Level Annotations

Branches:
Dungeon (5/15)
 Temple: D:4-7


Innate Abilities, Weirdness & Mutations

You have an increased reservoir of magic. (+10% MP)


Message History

An adder comes into view.
An orc wizard comes into view. It is wielding a +0 dagger.
The wall freezes the orc priest.
An orc comes into view. It is wielding a +0 hand axe.
There is a stone staircase leading up here.
Casting: Freeze (safe; 1% risk of failure)
Confirm with . or Enter, or press ? or * to list all spells.
Aiming: Freeze (safe; 1% risk of failure)
Press: ? - help, Shift-Dir - straight line, f - orc priest
Aim: an orc priest, wielding a +0 mace (heavily wounded)
You feel a surge of power!
You freeze the orc priest!
You kill the orc priest!
You have reached level 6!
Your experience leads to a dramatic increase in your attributes!
Increase (S)trength, (I)ntelligence, or (D)exterity?
You feel clever. x2
The orc wizard shouts!
The orc shouts!
The adder hisses angrily.
The orc wizard gestures at you while chanting.
The magic dart hits you!
You die...

>#
.#
..
##.
..
.#
##.#
#@)#
#)##
#.#
#.#
#o#
...


.oS .o. You could see 2 orc wizards, an adder and an orc.

Vanquished Creatures
  An ogre (D:3)
  Crazy Yiuf (D:3)
  2 orc priests (D:5)
  2 orc wizards (D:3)
  4 adders
  2 worms
  2 dart slugs
  A leopard gecko (D:2)
  4 orcs
  6 giant cockroaches
  6 goblins
  6 hobgoblins
  2 jackals (D:1)
  4 quokkas
  5 bats
  4 frilled lizards
  9 kobolds
  13 rats
74 creatures vanquished.

Notes
Turn   | Place    | Note
-------+----------+-------------------------------------------
     0 | D:1      | MrRokkomies the Demigod Ice Elementalist began the quest
                  | for the Orb.
     0 | D:1      | Reached XP level 1. HP: 14/14 MP: 5/5
   479 | D:1      | Reached XP level 2. HP: 8/22 MP: 0/7
   890 | D:1      | Reached skill level 1 in Fighting
  1661 | D:2      | Reached skill level 4 in Ice Magic
  1676 | D:2      | Reached XP level 3. HP: 28/28 MP: 8/8
  1681 | D:2      | Learned a level 3 spell: Frozen Ramparts
  2221 | D:2      | Found a glowing golden altar of the Shining One.
  2663 | D:3      | Reached XP level 4. HP: 36/36 MP: 5/9
  2856 | D:3      | Noticed an ogre
  3303 | D:3      | Reached XP level 5. HP: 11/42 MP: 5/10
  3610 | D:3      | Found a runed translucent door.
  3941 | D:3      | Noticed Crazy Yiuf
  3952 | D:3      | Killed Crazy Yiuf
  4122 | D:3      | Killed an ogre
  4122 | D:3      | Reached skill level 5 in Ice Magic
  4419 | D:5      | Entered Level 5 of the Dungeon
  4423 | D:5      | Reached XP level 6. HP: 8/51 MP: 4/11
  4423 | D:5      | Killed from afar by an orc wizard

Illustrated notes

Levels and vault maps discovered:
D:1:      mrwooster_arrival_statue, layout_basic
D:2:      layout_loops_ring, corexii_corridor_pit, tso_altar
D:3:      layout_rooms, nrook_mini_backslash, hangedman_decor_push,
          uniq_crazy_yiuf_cottage
D:4:      layout_gridville, kennysheep_mini_moat, kennysheep_generic_room_10,
          uniq_edmund, uniq_ijyb
D:5:      layout_rooms, minmay_temple_entry_gardened_gates, enter_ossuary_4,
          chequers_serial_rivers_small_3, nicolae_elemental_shop

Skill      XL: |  1  2  3  4  5 |
---------------+----------------+-----
Dodging        | 2 3 |  3.0
Fighting       | 1 2 3 |  3.5
Ice Magic      | 4 5 |  5.1
Stealth        | |  1.7
Spellcasting   | |  1.7

Action                   |  1- 3 |  4- 6 || total
-------------------------+-------+-------++-------
Melee: Unarmed           |    23 |       ||    23
       Hand axe          |    21 |       ||    21
       Dagger            |    60 |    52 ||   112
       Quarterstaff      |       |    20 ||    20
 Cast: Freeze            |    16 |     8 ||    24
       Frozen Ramparts   |     1 |     4 ||     5
  Use: Scroll            |     6 |     1 ||     7
       Potion            |     1 |       ||     1
 Stab: Sleeping          |    13 |     3 ||    16
Armor: Robe              |    10 |    17 ||    27
Dodge: Dodged            |    53 |    66 ||   119

Table legend: (Time is in decaauts)
 A = Elapsed time spent in this place.
 B = Non-inter-level travel time spent in this place.
 C = Inter-level travel time spent in this place.
 D = Time resting spent in this place.
 E = Time spent auto-exploring this place.
 F = Levels seen in this place.
 G = Mean time per level.
                   A        B        C        D        E       F      G
               +--------+--------+--------+--------+--------+-----+--------+
         Total |   4431 |   4335 |     96 |   1351 |   2364 |   5 |  886.2 |
       Dungeon |   4431 |   4335 |     96 |   1351 |   2364 |   5 |  886.2 |
               +--------+--------+--------+--------+--------+-----+--------+

Top non-repeatable levels by time:
     D:3: 1746 daAuts
     D:1: 1651 daAuts
     D:2: 982 daAuts
     D:4: 47 daAuts
     D:5: 3 daAuts
